 Dungeon Crawl Stone Soup version 0.31.0-11-ge490571c62 (webtiles) character file.

Game seed: 2388957336906645845

680 hawla the Conjurer (level 7, -3/36 HPs)
             Began as a Deep Elf Fire Elementalist on Jan 29, 2024.
             Slain by a water moccasin (5 damage)
             ... on level 5 of the Dungeon.
             The game lasted 00:10:44 (5053 turns).

hawla the Conjurer (Deep Elf Fire Elementalist)     Turns: 5053, Time: 00:10:44

Health: -3/36      AC:  7    Str:  4 (5)  XL:     7   Next: 34%
Magic:  6/15       EV: 14    Int: 21 (22) God:
Gold:   182        SH:  0    Dex: 14 (15) Spells: 1/14 levels left

rFire   + . .        (no weapon)
rCold   . . .        (no shield)
rNeg    . . .        n - +2 robe {rF+}
rPois   .            (no helmet)
rElec   .            (no cloak)
rCorr   .            a - +2 pair of gloves
SInv    .            (no boots)
Will    .....        (no amulet)
Stlth   ++           (no ring)
HPRegen 0.26/turn    (no ring)
MPRegen 0.14/turn

%: no passive effects
@: lethally poisoned (-3 -> -22), very slightly contaminated
A: no striking features
a: no special abilities


You were on level 5 of the Dungeon.
You visited 1 branch of the dungeon, and saw 6 of its levels.

You collected 182 gold pieces.

Inventory:

Armour
 a - a +2 pair of gloves (worn)
 n - a +2 robe of fire resistance (worn)
Scrolls
 e - a scroll of revelation
 g - a scroll of enchant weapon
 l - a scroll of acquirement {unknown}
 m - a scroll of blinking {unknown}
Potions
 b - a potion of lignification
 c - 2 potions of curing
 i - a potion of heal wounds


   Skills:
 - Level 5.0 Dodging
 - Level 2.4 Stealth
 - Level 4.0 Spellcasting
 - Level 6.0 Conjurations
 + Level 3.4 Fire Magic
 - Level 1.0 Air Magic
 - Level 4.0 Alchemy


You had one spell level left.
You knew the following spells:

 Your Spells              Type           Power      Damage    Failure   Level
a - Foxfire               Conj/Fire      96%        2x1d8     1%          1
b - Scorch                Fire           36%        2d6       4%          2
c - Flame Wave            Conj/Fire      24%        2d8       17%         4
d - Mercury Vapours       Alch/Air       28%        N/A       6%          2
e - Olgreb's Toxic Radia  Alch           21%        N/A       22%         4

Your spell library contained the following spells:

 Spells                   Type           Power      Damage    Failure   Level
 Sting                    Conj/Alch      100%       1d9       1%          1
 Inner Flame              Hex/Fire       11%        N/A       19%         3
 Volatile Blastmotes      Fire/Tloc      22%        2d11      19%         3


Dungeon Overview and Level Annotations

Branches:
Dungeon (6/15)             Temple (0/1) D:5

Altars:
Xom


Message History

Confirm with . or Enter, or press ? or * to list all spells.
Casting: Flame Wave (quite dangerous; 17% risk of failure)
Press: ? - help, Dir - look around, f - activate You miscast Flame Wave.
You are very lightly contaminated with residual magic.
Nothing appears to happen.
You feel very sick.
The water moccasin bites you but does no damage.
The hound barely misses you. The adder bites you.
You are more poisoned.
The adder poisons you! The water moccasin bites you!
You are lethally poisoned!
The water moccasin poisons you! The hound bites you.
Casting: Flame Wave (quite dangerous; 17% risk of failure)
Confirm with . or Enter, or press ? or * to list all spells.
Casting: Flame Wave (quite dangerous; 17% risk of failure)
Press: ? - help, Dir - look around, f - activate A wave of flame ripples out!
The flame wave engulfs the adder.
The adder is severely wounded.
The flame wave engulfs the hound!
The hound is severely wounded.
The flame wave engulfs the water moccasin.
The water moccasin is lightly wounded. (Press . to intensify the flame waves.)
You feel extremely sick. The adder bites you. The water moccasin bites you.
* * * LOW HITPOINT WARNING * * *
The hound bites you.
* * * LOW HITPOINT WARNING * * *
A wave of flame ripples out!
The flame wave engulfs the adder!
You kill the adder!
The flame wave engulfs the hound!
You kill the hound!
The flame wave engulfs the water moccasin.
The water moccasin is moderately wounded.
* * * LOW HITPOINT WARNING * * *
You feel very sick.
You hear an angry hiss.
The water moccasin bites you.
You die...

.......##..
...................##≈#.
...<...# #...........~..
......#####..........~.
.##[..............b..~
##.....##...........#
#.####.......#......#
.#...###....##......#
.#....###.......@†..#
.#h....#.........S......
#.#...l#..##.#.#....##.#
.###.S.#..#..###..#....
. #v###.#.##.. ##.......
<..#...##.....# #..>.##
...#... #..%... #./.# ..
#... .#...... #### #
#.#!. . ...$##


You could see a water moccasin.

Vanquished Creatures
  Sigmund (D:4)
  Blork the orc (D:4)
  A howler monkey (D:6)
  3 bombardier beetles (D:4)
  A hound (D:5)
  An orc priest (D:3)
  A sleepcap (D:4)
  3 iguanas
  An orc wizard (D:3)
  5 adders
  2 dart slugs
  A ribbon worm (D:2)
  15 orcs
  6 ball pythons
  8 endoplasms
  2 giant cockroaches
  12 goblins
  9 hobgoblins
  4 jackals
  6 quokkas
  5 bats
  2 frilled lizards
  5 kobolds
  5 rats (D:1)
100 creatures vanquished.

Vanquished Creatures (others)
  233 foxfires
233 creatures vanquished.

Grand Total: 333 creatures vanquished

Notes
Turn   | Place    | Note
-------+----------+-------------------------------------------
     0 | D:1      | hawla the Deep Elf Fire Elementalist began the quest for
                  | the Orb.
     0 | D:1      | Reached XP level 1. HP: 10/10 MP: 6/6
   101 | D:1      | Reached XP level 2. HP: 15/15 MP: 2/8
   700 | D:1      | Learned a level 2 spell: Scorch
  1027 | D:1      | Reached XP level 3. HP: 19/19 MP: 6/9
  1463 | D:2      | Found a shimmering altar of Xom.
  2005 | D:3      | Reached skill level 5 in Dodging
  2098 | D:3      | Reached skill level 2 in Conjurations
  2098 | D:3      | Reached XP level 4. HP: 23/24 MP: 3/10
  2107 | D:3      | Learned a level 4 spell: Flame Wave
  2616 | D:3      | Reached skill level 3 in Conjurations
  2625 | D:3      | Reached XP level 5. HP: 26/28 MP: 1/11
  3366 | D:3      | Found a shimmering altar of Xom.
  3593 | D:3      | Reached skill level 4 in Conjurations
  4075 | D:4      | Reached skill level 5 in Conjurations
  4128 | D:4      | Noticed Blork the orc
  4145 | D:4      | Killed Blork the orc
  4146 | D:4      | Reached XP level 6. HP: 10/32 MP: 1/12
  4273 | D:4      | Reached skill level 6 in Conjurations
  4395 | D:4      | Learned a level 2 spell: Mercury Vapours
  4558 | D:4      | Noticed Sigmund
  4564 | D:4      | Killed Sigmund
  4565 | D:4      | Reached skill level 1 in Air Magic
  4565 | D:4      | Reached XP level 7. HP: 36/36 MP: 5/15
  4583 | D:4      | Learned a level 4 spell: Olgreb's Toxic Radiance
  4908 | D:5      | Entered Level 5 of the Dungeon
  4943 | D:5      | Found a staircase to the Ecumenical Temple.
  5053 | D:5      | Slain by a water moccasin

Illustrated notes

Levels and vault maps discovered:
D:1:      saegor_arrival_under_anarchy, layout_loops_ring,
          serial_co_window_serial, co_window_paths_b, co_window_paths_a,
          co_window_paths_a, co_window_corner_a, co_window_paths_a,
          co_window_2corner, co_window_broadway_c, co_window_cross_4,
          co_window_2corner, co_window_paths_e, co_window_paths_d,
          glass_columns_a, glass_columns_c
D:2:      layout_rooms, basic_altar, minmay_tripent
D:3:      kennysheep_goblin_castle, layout_loops_corners,
          regret_index_xom_buried_treasure
D:4:      layout_basic, uniq_blork_the_orc, uniq_sigmund
D:5:      nicolae_BIG_FREAKIN_CUBE, layout_cave_pools, amcnicky_altar_gilded,
          minmay_temple_entry_butterflies, minivault_27,
          chequers_serial_rivers_micro_a
D:6:      layout_basic, mainiacjoe_overflow_alcove_3

Skill      XL: |  1  2  3  4  5  6  7 |
---------------+----------------------+-----
Dodging        | 3 4 5 |  5.0
Conjurations   | 2 3 5 6 |  6.0
Spellcasting   | 4 |  4.0
Air Magic      | 1 |  1.0
Alchemy        | 2 4 |  4.0
Stealth        | |  2.4
Fire Magic     | |  3.4

Action                     |  1- 3 |  4- 6 |  7- 9 || total
---------------------------+-------+-------+-------++-------
  Melee: Unarmed           |     6 |    15 |    14 ||    35
   Cast: Foxfire           |    49 |    67 |    12 ||   128
         Scorch            |    17 |    37 |     7 ||    61
         Mercury Vapours   |       |     3 |       ||     3
         Flame Wave        |       |     1 |     2 ||     3
    Use: Potion            |       |     3 |     5 ||     8
         Scroll            |       |       |     6 ||     6
   Stab: Sleeping          |     1 |       |       ||     1
 Armour: Robe              |    13 |    18 |    34 ||    65
  Dodge: Dodged            |    14 |    29 |    33 ||    76
